 Dungeon Crawl Stone Soup version 0.30.0-19-g36f170ea60 (webtiles) character file.

Game seed: 14472600546611861230

212131 olmar the Middleweight Champion (level 19, -2/161 HPs)
             Began as a Ghoul Monk on May 27, 2023.
             Was an Initiate of Gozag.
             Slain by a broodmother (26 damage)
             ... on level 4 of the Spider Nest on May 28, 2023.
             The game lasted 01:07:40 (40251 turns).

olmar the Middleweight Champion (Ghoul Monk)       Turns: 40251, Time: 01:07:43

Health: -2/161     AC: 19    Str: 27    XL:     19   Next: 31%
Magic:  0/18       EV: 19    Int:  5    God:    Gozag
Gold:   2476       SH:  0    Dex: 11    Spells: 18/18 levels left

rFire   + .          .
                       - Unarmed
rCold   + . .        (no shield)
rNeg    + + +        S - +4 scale mail of the Wasteland {*Corrode rF+ Will++ Stlth+}
rPois   ∞            K - +4 helmet of Elyvilon's Hatred {rElec Str+4}
rElec   +            d - +2 cloak {Will+}
rCorr   .            (no gloves)
SInv    .            (no boots)
Will    +++++        f - amulet of guardian spirit Stlth
                     p - ring of willpower
HPRegen 0.00/turn    U - +5 ring of evasion
MPRegen 0.16/turn

%: corrode self (3%), guardian spirit
@: confused, corroded, inhibited regen
A: claws 1, cold resistance 1, negative energy resistance 3, inhibited
regeneration, torment resistance 2, devour on kill
a: Renounce Religion, Potion Petition, Call Merchant, Bribe Branch


You were on level 4 of the Spider Nest.
You worshipped Gozag.
Gozag was most pleased with you.
You visited 6 branches of the dungeon, and saw 30 of its levels.
You also visited: Sewer, Ossuary and Gauntlet.

You collected 12799 gold pieces.
You spent 3403 gold pieces at shops.
You paid 6920 gold pieces to Gozag.

Inventory:

Missiles
 a - 5 atropa-tipped darts
 c - 9 curare-tipped darts
 o - 8 javelins
 q - 61 poisoned darts
 G - 7 throwing nets (quivered)
 I - 3 boomerangs of dispersal
Armour
 d - a +2 cloak of willpower (worn)
 K - the +4 helmet of Elyvilon's Hatred (worn) {rElec Str+4}
   (You bought it in a shop on level 6 of the Dungeon)

   Str:       It affects your strength (+4).
   rElec:     It insulates you from electricity.
 M - the +1 chain mail of Raluojol {Will+ rCorr Stlth+}
   (You bought it in a shop on level 4 of the Spider Nest)

   rCorr:     It protects you from acid and corrosion.
   Will:      It increases your willpower.
   Stlth:     It makes you more stealthy.
 P - the +3 crown of Dyrovepreva {rElec Int+2 SInv}
   (You bought it in a shop on level 1 of the Lair of Beasts)

   Int:       It affects your intelligence (+2).
   rElec:     It insulates you from electricity.
   SInv:      It lets you see invisible.
 S - the +4 scale mail of the Wasteland (worn) {*Corrode rF+ Will++ Stlth+}
   (You bought it in a shop on level 2 of the Orcish Mines)

   rF:        It protects you from fire.
   *Corrode:  It may corrode you when you take damage.
   Will:      It greatly increases your willpower.
   Stlth:     It makes you more stealthy.
 Z - the +3 hat "Ixixzu Vyrghe" {Rampage rF+}
   (You found it in a Gauntlet)

   rF:        It protects you from fire.
   Rampage:   It bestows one free step when moving towards enemies.
Jewellery
 f - an amulet of guardian spirit (around neck)
 p - a ring of willpower (left claw)
 v - a ring of protection from fire
 C - the ring "Ovempas" {Fly rC- rN+ rCorr}
   (You found it in a Gauntlet)

   [ring of positive energy]

   rC:        It makes you vulnerable to cold.
   rN:        It protects you from negative energy.
   Fly:       It grants you flight.
   rCorr:     It protects you from acid and corrosion.
 H - a ring of protection from cold
 U - a +5 ring of evasion (right claw)
 W - an amulet of reflection
 Y - a ring of willpower
Wands
 b - a wand of polymorph (13)
 h - a wand of flame (10)
 t - a wand of mindburst (6)
 y - a wand of paralysis (4)
 F - a wand of roots (12)
 O - a wand of light (6)
Scrolls
 e - 14 scrolls of identify
 k - 8 scrolls of enchant weapon
 l - 7 scrolls of fear
 m - 4 scrolls of enchant armour
 r - 3 scrolls of torment
 s - 7 scrolls of magic mapping
 w - a scroll of silence
 x - a scroll of butterflies
 z - 2 scrolls of fog
 E - 10 scrolls of teleportation
 J - 5 scrolls of blinking
 L - 4 scrolls of poison
Potions
 i - a potion of heal wounds
 n - 4 potions of magic
 u - 5 potions of brilliance
 A - 4 potions of ambrosia
 B - 9 potions of curing
 D - 2 potions of haste
 N - 3 potions of flight
 Q - a potion of berserk rage
 R - 2 potions of might
 T - 2 potions of invisibility
 V - a potion of cancellation
Miscellaneous
 g - a tin of tremorstones (inert)
 j - a phial of floods (inert)


   Skills:
 + Level 12.4 Fighting
 + Level 3.2 Throwing
 + Level 15.8 Armour
 + Level 10.2 Dodging
 - Level 0.2 Stealth
 O Level 27 Unarmed Combat
 + Level 3.1 Evocations


You had 18 spell levels left.
You didn't know any spells.
Your spell library contained the following spells:

 Spells                   Type           Power      Damage    Failure   Level
 Apportation              Tloc           0%         N/A       67%         1
 Magic Dart               Conj           0%         1d3       67%         1
 Necrotise                Necr           0%         1d4       67%         1
 Sandblast                Erth           0%         2d4       67%         1
 Summon Small Mammal      Summ           0%         N/A       67%         1
 Blink                    Tloc           0%         N/A       80%         2
 Ensorcelled Hibernation  Hex/Ice        0%         N/A       80%         2
 Lesser Beckoning         Tloc           0%         N/A       80%         2
 Passwall                 Tmut/Erth      0%         N/A       80%         2
 Poisonous Vapours        Pois/Air       0%         N/A       80%         2
 Searing Ray              Conj           0%         2d4       80%         2
 Static Discharge         Conj/Air       0%         2-2/arc   80%         2
 Call Canine Familiar     Summ           0%         N/A       95%         3
 Dazzling Flash           Conj/Hex       0%         N/A       95%         3
 Frozen Ramparts          Ice            0%         1d1       95%         3
 Gell's Gravitas          Tloc           0%         N/A       95%         3
 Ignite Poison            Fire/Tmut/Pois 0%         N/A       95%         3
 Mephitic Cloud           Conj/Pois/Air  0%         N/A       95%         3
 Stone Arrow              Conj/Erth      0%         3d7       95%         3
 Summon Guardian Golem    Hex/Summ       0%         N/A       95%         3
 Teleport Other           Tloc           0%         N/A       95%         3
 Vhi's Electric Charge    Tloc/Air       0%         N/A       95%         3
 Volatile Blastmotes      Fire/Tloc      0%         2d10      95%         3
 Airstrike                Air            0%         2d(0-16)  100%        4
 Anguish                  Hex/Necr       0%         N/A       100%        4
 Cause Fear               Hex            0%         N/A       100%        4
 Dispel Undead            Necr           0%         3d6       100%        4
 Fulminant Prism          Conj/Hex       0%         3d5       100%        4
 Iskenderun's Mystic Bla  Conj/Tloc      0%         2d3       100%        4
 Manifold Assault         Tloc           0%         N/A       100%        4
 Passage of Golubria      Tloc           0%         N/A       100%        4
 Petrify                  Tmut/Erth      0%         N/A       100%        4
 Sticky Flame             Conj/Fire      0%         2d3       100%        4
 Summon Ice Beast         Ice/Summ       0%         N/A       100%        4
 Summon Lightning Spire   Summ/Air       0%         N/A       100%        4
 Agony                    Necr           0%         N/A       100%        5
 Arcjolt                  Conj/Air       0%         1d10      100%        5
 Borgnjor's Vile Clutch   Necr/Erth      0%         N/A       100%        5
 Freezing Cloud           Conj/Ice/Air   0%         6-21      100%        5
 Metabolic Englaciation   Hex/Ice        0%         N/A       100%        5
 Silence                  Hex/Air        0%         N/A       100%        5
 Summon Mana Viper        Hex/Summ       0%         N/A       100%        5
 Dispersal                Tloc           0%         N/A       100%        6
 Starburst                Conj/Fire      0%         6d3       100%        6
 Enfeeble                 Hex            0%         N/A       100%        7
 Orb of Destruction       Conj           0%         9d5       100%        7
 Spellforged Servitor     Conj/Summ      0%         N/A       100%        7
 Summon Hydra             Summ           0%         N/A       100%        7
 Ignition                 Fire           0%         3d3       100%        8
 Infestation              Necr           0%         N/A       100%        8
 Lehudib's Crystal Spear  Conj/Erth      0%         10d2      100%        8
 Maxwell's Capacitive Co  Air            0%         ∞         100%        8
 Dragon's Call            Summ           0%         N/A       100%        9
 Sublimation of Blood     Necr           Unusable   N/A       N/A         2
 Ice Form                 Ice/Tmut       Unusable   N/A       N/A         4
 Statue Form              Tmut/Erth      Unusable   N/A       N/A         6
 Dragon Form              Tmut           Unusable   N/A       N/A         7
 Storm Form               Tmut/Air       Unusable   N/A       N/A         7

Dungeon Overview and Level Annotations

Branches:
Dungeon (15/15)            Temple (1/1) D:4            Lair (5/5) D:10
 Shoals (0/4) Lair:3       Spider (4/4) Lair:3        Slime (0/5) Lair:5
    Orc (2/2) D:9             Elf (3/3) Orc:2        Vaults (0/5) D:13
 Depths (0/4) D:15          Sewer (visited)         Ossuary (visited)
Gauntlet (visited)

Altars:
Ashenzari
Cheibriados
Dithmenos
Fedhas
Gozag
Hepliaklqana
Kikubaaqudgha
Makhleb
Nemelex Xobeh
Okawaru
Qazlal
Sif Muna
Trog
Uskayaw
Vehumet
Wu Jian
Xom
Yredelemnul
Jiyva

Shops:
D:5 [   D:6 [:   D:10 ::   D:11 ?=*   D:14 =   Orc:2 ([((   Elf:1 ?
Elf:3 [=(**   Lair:1 [   Spider:4 [

Portals:
Trove: D:11 (give 6 scrolls of blinking)

Annotations:
D:4 1 runed translucent door, Crazy Yiuf
D:11 exclusion: obsidian statue
Lair:5 1 runed translucent door
Elf:2 36 runed doors


Innate Abilities, Weirdness & Mutations

You are immune to poison.
You have sharp fingernails.
Your flesh is cold resistant. (rC+)
You are immune to negative energy. (rN+++)
You do not regenerate when monsters are visible.
You are immune to unholy pain and torment.
You thrive by killing the living.


Message History

The culicivora splashes around in the water.
Unknown command.
You bump into the stone wall.
The wolf spider completely misses you. The wolf spider misses you.
The wolf spider hits you!
* * * LOW HITPOINT WARNING * * *
The wolf spider misses you. The broodmother bites you!
* * * LOW HITPOINT WARNING * * *
The culicivora splashes around in the water.
The wolf spider hits you!
* * * LOW HITPOINT WARNING * * *
The wolf spider bites you but does no damage.
The wolf spider completely misses you. The wolf spider misses you.
You bump into the stone wall.
The tarantella disappears in a puff of smoke!
The culicivora misses you. The broodmother closely misses you.
The wolf spider hits you but does no damage.
The wolf spider misses you. The wolf spider completely misses you.
The wolf spider closely misses you.
The culicivora bites you but does no damage.
You bump into the stone wall.
The wolf spider completely misses you. The wolf spider bites you!
* * * LOW HITPOINT WARNING * * *
Your corrosive artefact corrodes you!
The wolf spider barely misses you. The wolf spider bites you!
* * * LOW HITPOINT WARNING * * *
The broodmother barely misses you.
The culicivora splashes around in the water.
The wolf spider closely misses you.
The wolf spider bites you but does no damage.
The wolf spider hits you but does no damage.
The wolf spider barely misses you. The broodmother closely misses you.
Unknown command.
You feel much better.
The culicivora splashes around in the water.
The wolf spider misses you.
The wolf spider bites you but does no damage.
The wolf spider hits you but does no damage.
The wolf spider completely misses you. The broodmother bites you!!
You die...
Your body crumbles into a pile of gold.

........^.^..^^#
^^..^...########
.#####^^....^..######## .
##.............~...~..#####..
.~.........^..^.#....~....^^#
...........................~^
................#ss..........
..........^^...sssss^........
~^...^.^########@sss..$^.^...
######.... ###ss~.$^##...
.^..^.~... ###^^^##
.......... ##### ...^..
...... ....(. ^.^... ######


You could see a broodmother, 4 wolf spiders, 2 culicivoras, 3 tarantellas and 2
redbacks.

Vanquished Creatures
  Bai Suzhen (Spider:3)
  The ghost of endersaim the Spry, an adept MfSk of Qazlal (Spider:2)
  2 deep elf blademasters
  Kirke (D:15)
  Frances (D:14)
  12 deep elf sorcerers
  2 emperor scorpions
  3 ghost moths
  2 deep elf elementalists (Elf:3)
  2 broodmothers
  An orc warlord (Orc:2)
  4 deep elf demonologists (Elf:3)
  8 deep elf annihilators
  Nessos (Lair:3)
  Azrael (Spider:3)
  A minotaur (Gauntlet)
  A dire elephant (D:15)
  A spark wasp (Spider:4)
  5 deep elf death magi (Elf:3)
  An ettin (Orc:2)
  2 entropy weavers (Spider:1)
  A great orb of eyes (Gauntlet)
  3 deep elf high priests (Elf:3)
  4 hydras
  Fannar (Lair:3)
  Harold (D:10)
  4 catoblepae
  6 centaur warriors
  8 vault guards (D:13)
  An ogre mage (D:15)
  6 boulder beetles
  25 dancing weapons
  2 death scarabs
  10 two-headed ogres
  10 death yaks
  2 tengu warriors
  2 orc high priests
  26 deep elf knights
  A skyshark (Lair:4)
  2 sun moths
  5 pharaoh ants
  2 orb spiders
  12 deep elf archers
  A steelbarb worm (Spider:4)
  A wizard (Elf:1)
  5 orc knights
  3 orc sorcerers
  29 deep elf zephyrmancers
  33 deep elf pyromancers
  20 wolf spiders
  6 cyclopes
  A salamander (D:15)
  7 manticores
  8 ugly things
  3 moths of wrath
  15 elephants
  5 black mambas
  3 demonic crawlers
  A torpor snail (Spider:1)
  A gargoyle (D:10)
  6 cane toads
  6 kobold demonologists
  6 rime drakes
  3 tengu conjurers
  2 minotaur zombies (Gauntlet)
  11 komodo dragons
  3 polar bears
  7 trolls
  7 meliai
  A merfolk (shapeshifter) (Elf:3)
  A wind drake (shapeshifter) (D:15)
  21 tarantellas
  2 queen bees
  15 blink frogs
  7 dream sheep (Lair:3)
  Grinder (D:5)
  A tarantella (shapeshifter) (D:15)
  A blink frog (shapeshifter) (D:14)
  A snapping turtle (Lair:3)
  16 jumping spiders
  Sigmund (D:2)
  6 air elementals
  7 wyverns
  12 culicivoras
  A vampire (D:13)
  5 wraiths
  8 fire bats
  6 fire elementals
  70 yaks
  6 basilisks
  42 redbacks
  Edmund (D:5)
  A steam dragon (Lair:2)
  5 vampire mosquitoes
  Menkaure (D:4)
  2 wargs (Orc:2)
  2 acid dragons
  16 water moccasins
  A hell hound (Spider:3)
  2 sky beasts (D:7)
  Pargi (Sewer)
  An ice beast (D:7)
  45 orc warriors
  A tengu (D:8)
  2 black bears (D:5)
  10 ogres
  A boggart (Elf:1)
  15 wolves
  11 centaurs
  2 phantoms
  8 kobold brigands
  5 bullfrogs
  A wyvern zombie (Ossuary)
  2 earth elementals (Elf:3)
  A scorpion (D:5)
  4 water moccasin zombies (Ossuary)
  11 wights
  42 killer bees
  9 howler monkeys
  4 electric eels
  A crimson imp (D:7)
  A lava snake (Lair:2)
  2 bullfrog zombies (Ossuary)
  A hound (D:4)
  6 centaur zombies (Ossuary)
  2 jellies
  26 orc priests
  3 gnoll boudas
  Terence (D:2)
  33 orc wizards
  3 iguanas
  10 hell rats
  A killer bee zombie (Ossuary)
  14 mummies (Ossuary)
  A howler monkey zombie (Ossuary)
  18 gnolls
  8 adders
  2 river rats (Lair:2)
  A shadow imp (D:7)
  2 white imps
  3 ufetubi
  4 worms
  4 dart slugs
  107 orcs
  6 ball pythons
  7 endoplasms
  10 giant cockroaches
  8 goblins
  4 hobgoblins (D:4)
  11 jackals
  9 quokkas
  4 bats
  3 frilled lizards
  2 goblin zombies (D:5)
  36 kobolds
  9 rats
  A spectral orc (D:10)
1182 creatures vanquished.

Vanquished Creatures (others)
  A deep elf knight (Elf:2)
  A wizard (Elf:1)
  2 humans (D:15)
  A quokka (D:4)
5 creatures vanquished.

Grand Total: 1187 creatures vanquished

Notes
Turn   | Place    | Note
-------+----------+-------------------------------------------
     0 | D:1      | olmar the Ghoul Monk began the quest for the Orb.
     0 | D:1      | Reached XP level 1. HP: 19/19 MP: 0/0
    57 | D:1      | Reached XP level 2. HP: 23/26 MP: 1/1
   131 | D:1      | Reached XP level 3. HP: 30/33 MP: 2/2
   177 | D:1      | Reached skill level 4 in Unarmed Combat
   621 | D:2      | Noticed Terence
   631 | D:2      | Killed Terence
   632 | D:2      | Reached XP level 4. HP: 32/40 MP: 3/3
   862 | D:2      | Noticed Sigmund
  1047 | D:3      | Reached skill level 5 in Unarmed Combat
  1047 | D:3      | Reached XP level 5. HP: 32/46 MP: 4/4
  1227 | D:3      | Found a glowing drain.
  1247 | Sewer    | Entered a sewer
  1268 | Sewer    | Noticed Pargi
  1278 | Sewer    | Killed Pargi
  1279 | Sewer    | Reached skill level 1 in Armour
  1279 | Sewer    | Reached XP level 6. HP: 47/52 MP: 3/5
  1641 | D:3      | Reached skill level 6 in Unarmed Combat
  1941 | D:4      | Noticed Menkaure
  1953 | D:4      | Killed Menkaure
  2154 | D:4      | Reached XP level 7. HP: 58/59 MP: 4/6
  2200 | D:4      | Reached skill level 7 in Unarmed Combat
  2584 | D:4      | Found a staircase to the Ecumenical Temple.
  2599 | Temple   | Entered the Ecumenical Temple
  2692 | Temple   | Became a worshipper of Gozag Ym Sagoz the Greedy
  2813 | D:4      | Reached XP level 8. HP: 8/67 MP: 1/7
  3035 | D:4      | Reached skill level 8 in Unarmed Combat
  3166 | D:4      | Found a snail-covered altar of Cheibriados.
  3770 | D:4      | Found a runed translucent door.
  3771 | D:4      | Noticed Crazy Yiuf
  4358 | D:2      | Killed Sigmund
  4359 | D:2      | Reached skill level 5 in Fighting
  4406 | D:2      | Found an opulent altar of Gozag.
  4577 | D:5      | Entered Level 5 of the Dungeon
  4582 | D:5      | Reached skill level 9 in Unarmed Combat
  4647 | D:5      | Noticed Edmund
  4665 | D:5      | Killed Edmund
  4837 | D:5      | Found a broken altar of Ashenzari.
  4860 | D:5      | Reached XP level 9. HP: 74/74 MP: 8/8
  4879 | D:5      | Reached skill level 5 in Armour
  4964 | D:5      | Found a sand-covered staircase.
  4974 | Ossuary  | Entered an ossuary
  5054 | Ossuary  | Reached skill level 10 in Unarmed Combat
  5412 | Ossuary  | Reached skill level 11 in Unarmed Combat
  6054 | D:5      | Noticed Grinder
  6066 | D:5      | Killed Grinder
  6132 | D:5      | Found Coirocis's Antique Armour Shoppe.
  6137 | D:5      | Bought an encrusted ring mail for 234 gold pieces
  6137 | D:5      | Identified the +0 ring mail of the Hall of Blades {rF+}
                  | (You bought it in a shop on level 5 of the Dungeon)
  6188 | D:6      | Found a blossoming altar of Fedhas.
  6221 | D:6      | Found Fopizexa's Book Emporium.
  6246 | D:6      | Reached skill level 12 in Unarmed Combat
  6264 | D:6      | Found Koahed's Armour Boutique.
  6586 | D:6      | Reached XP level 10. HP: 81/81 MP: 9/9
  7137 | D:7      | Found a shimmering blue altar of Sif Muna.
  7190 | D:7      | You fall into a shaft and drop 2 floors!
  7312 | D:9      | Found a staircase to the Orcish Mines.
  7810 | D:9      | Reached skill level 13 in Unarmed Combat
  7950 | D:9      | Identified the +6 trident "Narphoguf" {speed, rPois Dex+4
                  | Stlth+}
  8811 | D:7      | Reached skill level 14 in Unarmed Combat
  9514 | D:7      | Found a shimmering altar of Xom.
  9515 | D:7      | Found a burning altar of Makhleb.
  9604 | D:6      | Bought the +4 helmet of Elyvilon's Hatred {rElec Str+4} for
                  | 609 gold pieces
  9663 | D:8      | Noticed Joseph
  9668 | D:8      | Joseph changed into Joseph the tengu
  9668 | D:8      | Noticed Joseph
  9674 | D:8      | Killed Joseph the tengu
  9766 | D:8      | Reached XP level 11. HP: 89/89 MP: 10/10
  9965 | D:8      | Found a radiant altar of Vehumet.
 10022 | D:8      | Found a stormy altar of Qazlal.
 10203 | D:8      | Identified the +0 trident of Mandamus {flame, rElec rC+}
 10292 | D:8      | Noticed a moth of wrath
 10295 | D:8      | Found a bloodstained altar of Trog.
 10356 | D:10     | Entered Level 10 of the Dungeon
 10420 | D:10     | Noticed Harold
 10436 | D:10     | Killed Harold
 10437 | D:10     | Reached skill level 5 in Dodging
 10470 | D:10     | Reached skill level 15 in Unarmed Combat
 10635 | D:10     | Found a basalt altar of Yredelemnul.
 10935 | D:10     | Found a staircase to the Lair.
 11252 | D:10     | Noticed a two-headed ogre
 11257 | D:10     | Killed a two-headed ogre
 11282 | D:10     | Noticed a two-headed ogre
 11289 | D:10     | Killed a two-headed ogre
 11402 | D:10     | Found Elerr's Book Emporium.
 11705 | D:10     | Found Eqes's Tremendous Tomes.
 11780 | Lair:1   | Entered Level 1 of the Lair of Beasts
 11823 | Lair:1   | Reached skill level 16 in Unarmed Combat
 11964 | Lair:1   | Noticed a catoblepas
 11983 | Lair:1   | Killed a catoblepas
 11984 | Lair:1   | Reached XP level 12. HP: 48/97 MP: 6/11
 12151 | Lair:1   | Reached skill level 1 in Throwing
 12578 | Lair:1   | Reached skill level 17 in Unarmed Combat
 12976 | Lair:1   | Bought the +3 crown of Dyrovepreva {rElec Int+2 SInv} for
                  | 538 gold pieces
 12976 | Lair:1   | Found the +3 crown of Dyrovepreva {rElec Int+2 SInv}
 13122 | Lair:2   | Noticed a death yak
 13122 | Lair:2   | Noticed a death yak
 13123 | Lair:2   | Noticed a death yak
 13147 | Lair:2   | Killed a death yak
 13154 | Lair:2   | Noticed a death yak
 13158 | Lair:2   | Killed a death yak
 13160 | Lair:2   | Noticed a death yak
 13164 | Lair:2   | Noticed a death yak
 13172 | Lair:2   | Killed a death yak
 13512 | Lair:2   | Killed a death yak
 13534 | Lair:1   | Killed a death yak
 13535 | Lair:1   | Reached skill level 18 in Unarmed Combat
 13570 | Lair:1   | Killed a death yak
 13695 | Lair:2   | Reached XP level 13. HP: 97/104 MP: 10/12
 14114 | Lair:2   | Found a shimmering blue altar of Sif Muna.
 14405 | Lair:2   | Reached skill level 19 in Unarmed Combat
 14446 | Lair:2   | Reached skill level 10 in Armour
 14607 | Lair:2   | Identified the staff of conjuration "Gyostric" {Fragile Fly
                  | rCorr Dex-4}
 15186 | Lair:3   | Noticed Fannar
 15192 | Lair:3   | Noticed Nessos
 15200 | Lair:3   | Killed Fannar
 15266 | Lair:3   | Killed Nessos
 15612 | Lair:3   | Found a staircase to the Shoals.
 15629 | Lair:3   | Reached skill level 20 in Unarmed Combat
 15789 | Lair:3   | Found a hole to the Spider Nest.
 16608 | Lair:4   | Reached XP level 14. HP: 84/114 MP: 8/13
 17191 | Orc:1    | Entered Level 1 of the Orcish Mines
 17703 | Orc:2    | Entered Level 2 of the Orcish Mines
 17819 | Orc:2    | Found a staircase to the Elven Halls.
 17862 | Orc:2    | Noticed an orc warlord
 18176 | Orc:2    | Found Soenk's Antique Weapon Boutique.
 18644 | Orc:2    | Reached skill level 21 in Unarmed Combat
 18879 | Orc:2    | Killed an orc warlord
 19066 | Orc:2    | Found Tejibit's Weapon Shoppe.
 19134 | Orc:2    | Noticed an orc warlord
 19787 | Orc:2    | Found Vouff's Antique Weapon Boutique.
 19789 | Orc:2    | Found Gafifaf's Antique Armour Shop.
 19796 | Orc:2    | Bought a crude scale mail for 207 gold pieces
 19796 | Orc:2    | Identified the +4 scale mail of the Wasteland {*Corrode rF+
                  | Will++ Stlth+} (You bought it in a shop on level 2 of the
                  | Orcish Mines)
 20657 | D:11     | Found a portal to a secret trove of treasure.
 20747 | D:11     | Bought a scroll of teleportation for 39 gold pieces
 20747 | D:11     | Bought a scroll of enchant weapon for 97 gold pieces
 20751 | D:11     | Bought a scroll of fear for 40 gold pieces
 20751 | D:11     | Bought a scroll of blinking for 75 gold pieces
 20751 | D:11     | Bought a scroll of teleportation for 30 gold pieces
 20751 | D:11     | Bought a scroll of magic mapping for 75 gold pieces
 20751 | D:11     | Bought a scroll of magic mapping for 75 gold pieces
 21723 | D:12     | Reached skill level 22 in Unarmed Combat
 22580 | D:13     | Reached XP level 15. HP: 65/123 MP: 7/14
 22733 | D:13     | Found a gate to the Vaults.
 22772 | D:13     | HP: 6/123 [vault guard/+2 battleaxe of electrocution (9)]
 23430 | D:13     | Reached skill level 23 in Unarmed Combat
 23858 | Lair:5   | Entered Level 5 of the Lair of Beasts
 23858 | Lair:5   | Found a runed translucent door.
 23858 | Lair:5   | Found a viscous altar of Jiyva.
 23864 | Lair:5   | Found a staircase to the Slime Pits.
 24839 | Lair:5   | Reached skill level 24 in Unarmed Combat
 25339 | Elf:1    | Entered Level 1 of the Elven Halls
 25342 | Elf:1    | Bought a scroll of fear for 56 gold pieces
 25342 | Elf:1    | Bought a scroll of fear for 56 gold pieces
 25342 | Elf:1    | Bought a scroll of teleportation for 42 gold pieces
 25342 | Elf:1    | Bought a scroll of teleportation for 42 gold pieces
 25342 | Elf:1    | Bought a scroll of butterflies for 56 gold pieces
 25898 | Elf:1    | Reached XP level 16. HP: 130/132 MP: 13/15
 26160 | Elf:1    | Got Taho's Anthology of Correspondence
 26808 | Elf:1    | Found a shimmering blue altar of Sif Muna.
 26816 | Elf:1    | Paralysed by an air elemental for 1 turns
 26935 | Elf:1    | Paralysed by an air elemental for 1 turns
 27494 | Elf:2    | Found a huge runed gate.
 27494 | Elf:2    | Found a huge runed gate.
 27494 | Elf:2    | Found a huge runed gate.
 27494 | Elf:2    | Found a huge runed gate.
 27497 | Elf:2    | Found a huge runed gate.
 27497 | Elf:2    | Found a huge runed gate.
 27499 | Elf:2    | Found a huge runed gate.
 27499 | Elf:2    | Found a huge runed gate.
 27499 | Elf:2    | Found a huge runed gate.
 27499 | Elf:2    | Found a huge runed gate.
 27521 | Elf:2    | Found a huge runed gate.
 27521 | Elf:2    | Found a huge runed gate.
 27521 | Elf:2    | Found a huge runed gate.
 27521 | Elf:2    | Found a huge runed gate.
 27521 | Elf:2    | Found a huge runed gate.
 27523 | Elf:2    | Found a huge runed gate.
 27524 | Elf:2    | Found a huge runed gate.
 27525 | Elf:2    | Found a huge runed gate.
 27526 | Elf:2    | Found a huge runed gate.
 27534 | Elf:2    | Found a huge runed gate.
 27534 | Elf:2    | Found a huge runed gate.
 27534 | Elf:2    | Found a huge runed gate.
 27534 | Elf:2    | Found a huge runed gate.
 27534 | Elf:2    | Found a huge runed gate.
 27534 | Elf:2    | Found a huge runed gate.
 27535 | Elf:2    | Found a huge runed gate.
 27536 | Elf:2    | Found a huge runed gate.
 27538 | Elf:2    | Found a huge runed gate.
 27544 | Elf:2    | Reached skill level 25 in Unarmed Combat
 27595 | Elf:2    | Found a huge runed gate.
 27595 | Elf:2    | Found a huge runed gate.
 27595 | Elf:2    | Found a huge runed gate.
 27595 | Elf:2    | Found a huge runed gate.
 27595 | Elf:2    | Found a huge runed gate.
 27595 | Elf:2    | Found a huge runed gate.
 27608 | Elf:2    | Found a huge runed gate.
 27609 | Elf:2    | Found a huge runed gate.
 27950 | Elf:2    | HP: 6/132 [deep elf annihilator/crystal spear (33)]
 28625 | Elf:2    | Found a huge runed translucent gate.
 28625 | Elf:2    | Found a huge runed translucent gate.
 28642 | Elf:2    | Found a huge runed translucent gate.
 28645 | Elf:2    | Found a huge runed translucent gate.
 28645 | Elf:2    | Found a huge runed translucent gate.
 28919 | D:14     | Noticed Frances
 28929 | D:14     | Killed Frances
 28930 | D:14     | Reached skill level 26 in Unarmed Combat
 28940 | D:14     | Found Wimur's One-of-a-Kind Rings.
 29076 | D:14     | Found a gate leading to a gauntlet.
 29089 | Gauntlet | Entered a Gauntlet
 29089 | Gauntlet | Found a transporter.
 29101 | Gauntlet | Found a transporter.
 29114 | Gauntlet | Found a transporter.
 29116 | Gauntlet | Found a large runed translucent door.
 29116 | Gauntlet | Found a large runed translucent door.
 29117 | Gauntlet | Found a large runed translucent door.
 29117 | Gauntlet | Found a large runed translucent door.
 29118 | Gauntlet | Found a large runed translucent door.
 29118 | Gauntlet | Found a large runed translucent door.
 29118 | Gauntlet | Found a runed translucent door.
 29118 | Gauntlet | Found a runed translucent door.
 29118 | Gauntlet | Found a large runed translucent door.
 29119 | Gauntlet | Found a transporter.
 29140 | Gauntlet | Found a transporter.
 29149 | Gauntlet | Found a large runed translucent door.
 29150 | Gauntlet | Found a large runed translucent door.
 29151 | Gauntlet | Found a large runed translucent door.
 29151 | Gauntlet | Found a large runed translucent door.
 29152 | Gauntlet | Found a runed translucent gate.
 29153 | Gauntlet | Found a transporter.
 29153 | Gauntlet | Found a runed translucent gate.
 29154 | Gauntlet | Found a runed translucent gate.
 29155 | Gauntlet | Found a large runed translucent door.
 29155 | Gauntlet | Found a large runed translucent door.
 29156 | Gauntlet | Found a large runed translucent door.
 29157 | Gauntlet | Found a large runed translucent door.
 29165 | Gauntlet | Found a transporter.
 29166 | Gauntlet | Found a large runed translucent door.
 29177 | Gauntlet | Found a transporter.
 29182 | Gauntlet | Found a transporter.
 29184 | Gauntlet | Found a transporter.
 29186 | Gauntlet | Found a transporter.
 29207 | Gauntlet | Found a transporter.
 29219 | Gauntlet | Found a transporter.
 29236 | Gauntlet | Found a transporter.
 29254 | Gauntlet | Found a transporter.
 29256 | Gauntlet | Found a transporter.
 29283 | Gauntlet | Found a transporter.
 29305 | Gauntlet | Found a transporter.
 29386 | Gauntlet | Identified the ring "Ovempas" {Fly rC- rN+ rCorr}
 29450 | Gauntlet | Reached XP level 17. HP: 138/138 MP: 16/16
 29480 | Gauntlet | Identified the +3 hat "Ixixzu Vyrghe" {Rampage rF+}
 29495 | Gauntlet | Identified the staff of fire "Nacvahoi" {rElec rF+}
 30164 | D:15     | Entered Level 15 of the Dungeon
 30235 | D:15     | Noticed Kirke
 30248 | D:15     | Killed Kirke
 30663 | D:15     | Found a staircase to the Depths.
 31000 | Spider:1 | Entered Level 1 of the Spider Nest
 32099 | Elf:2    | Reached skill level 27 in Unarmed Combat
 32705 | Elf:2    | Reached skill level 10 in Fighting
 32810 | Elf:2    | Noticed a deep elf blademaster
 32822 | Elf:2    | Killed a deep elf blademaster
 34129 | Elf:3    | Entered Level 3 of the Elven Halls
 34634 | Elf:3    | Paralysed by an air elemental for 1 turns
 35111 | Elf:3    | Reached XP level 18. HP: 128/149 MP: 14/17
 35674 | Elf:3    | Found Akoolar's General Store.
 35680 | Elf:3    | Bought a potion of heal wounds for 85 gold pieces
 35680 | Elf:3    | Bought a potion of curing for 51 gold pieces
 35680 | Elf:3    | Bought a scroll of fear for 68 gold pieces
 35680 | Elf:3    | Bought a scroll of torment for 161 gold pieces
 35680 | Elf:3    | Bought a wand of paralysis (4) for 163 gold pieces
 35717 | Elf:3    | Found Reel's Antique Weapon Emporium.
 35732 | Elf:3    | Paralysed by an air elemental for 1 turns
 35759 | Elf:3    | Found Fimihypu's Armour Shoppe.
 35901 | Elf:3    | Noticed a deep elf blademaster
 36206 | Elf:3    | Identified the +5 short sword "Goim" {flame, Str+4}
 36254 | Elf:3    | Identified the staff of poison "Qiyb" {rPois Will+}
 36256 | Elf:3    | Identified the +6 great sword of Wepalapn {distort, rN++
                  | Str-3 Int+2 Stlth+}
 36261 | Elf:3    | Noticed a Brimstone Fiend
 36401 | Elf:3    | Killed a deep elf blademaster
 36402 | Elf:3    | Identified the +3 robe of the Goldsmith {rPois rF+ Dex+3
                  | Stlth+}
 36409 | Elf:3    | Reached skill level 1 in Evocations
 36929 | Elf:3    | Got the Compendium of the Helpful Curse
 36980 | Elf:3    | Identified the +4 shortbow "Elemp" {freeze, rPois rC-
                  | Str+3}
 36982 | Elf:3    | Got the Octavo of Stolen Souls
 36989 | Elf:3    | Got the Dissertation on the Twisted Evil Eye
 37106 | Elf:3    | Found Seissim's Jewellery Shoppe.
 37227 | Elf:3    | Found Jizxuuxin's General Store.
 37234 | Elf:3    | Bought a potion of ambrosia for 128 gold pieces
 37234 | Elf:3    | Bought a wand of light (3) for 201 gold pieces
 37461 | Spider:1 | Reached skill level 15 in Armour
 38709 | Spider:2 | Found a large runed translucent door.
 38712 | Spider:2 | Found a large runed translucent door.
 38715 | Spider:2 | Noticed endersaim's ghost (adept MfSk)
 38735 | Spider:2 | Killed endersaim's ghost
 38844 | Spider:2 | You fall into a shaft and drop 1 floor!
 38939 | Spider:3 | Reached XP level 19. HP: 160/160 MP: 0/18
 38954 | Spider:3 | Noticed Bai Suzhen
 38978 | Spider:3 | Killed Bai Suzhen
 39292 | Spider:3 | Noticed Azrael
 39302 | Spider:3 | Killed Azrael
 39599 | Spider:4 | Entered Level 4 of the Spider Nest
 39804 | Spider:4 | Reached skill level 10 in Dodging
 40178 | Spider:4 | Bought a jewelled chain mail for 275 gold pieces
 40178 | Spider:4 | Identified the +1 chain mail of Raluojol {Will+ rCorr
                  | Stlth+} (You bought it in a shop on level 4 of the Spider
                  | Nest)
 40250 | Spider:4 | HP: 1/161 [wolf spider (9)]
 40251 | Spider:4 | Slain by a broodmother

Illustrated notes

Levels and vault maps discovered:
D:1:      ncdulo_wetmaze, layout_rooms
D:2:      layout_loops_ring, basic_altar, chequers_jeans, uniq_terence,
          uniq_sigmund
D:3:      layout_loops_ring, gup_sewer_entry_pipe
D:4:      layout_basic, slow_altar_2, elyvilon_altar_4,
          minmay_temple_entry_grid, kennysheep_generic_room_6, uniq_menkaure,
          uniq_crazy_yiuf_cottage
D:5:      layout_loops_ring, mainiacjoe_overflow_concentric_impassable,
          mainiacjoe_overflow_catwalk, enter_ossuary_4, serial_shops,
          kennysheep_mini, uniq_edmund, uniq_grinder
D:6:      kb_forest_paths, layout_loops_ring,
          nicolae_ru_great_annihilating_truth, fedhas_bush_and_centaur_altar,
          serial_shops, shop_coins, nicolae_shop_crystal, nicolae_lakefront_shop
D:7:      layout_cave_pods, grunt_temple_overflow_champion_of_chaos,
          lemuel_round_altar, fountainhead, minmay_misc_feat_x
D:8:      layout_rooms, tgw_trog, vehumet_crystals,
          lemuel_coloured_pillars_altar, hangedman_abyss_or_decor_lesser_grid,
          serial_bayou_pond_a, uniq_joseph
D:9:      layout_roguey, orc_0_dummy
D:10:     layout_basic, yredelemnul_forgotten_temple_becter, david_lair_generic,
          serial_shops, nicolae_stop_n_shop_2, nicolae_shop_i_like_big_books,
          uniq_harold
D:11:     wander_river, layout_small_grid, nicolae_trove_entry_diagonal,
          minivault_16
D:12:     layout_basic, special_room [special_room_orc]
D:13:     layout_rooms, erik_vaults_2, grunt_ministairs_2,
          kennysheep_opposing_triangles
D:14:     layout_gridville, gauntlet_entry_generic, hangedman_decor_points,
          nicolae_shop_unique_rings, uniq_frances
D:15:     hangedman_depths_entry_try_elsewhere_first, layout_rooms,
          palyth_stone_intersect, st_stairs_4, uniq_kirke
Temple:   hellmonk_temple_forest_ring
Lair:1:   layout_cave_pods, chequers_serial_rivers_micro_c
Lair:2:   regret_index_bee_streams, layout_gridlike, basic_altar
Lair:3:   layout_hall_layers, minmay_shoals_entry_hut, dummy_spider_entry,
          uniq_nessos, uniq_fannar
Lair:4:   layout_gridlike, wad_woods_river_04
Lair:5:   evilmike_catoblepas_cave, layout_cave_shapes, slime_entry_2,
          chequers_serial_rivers_micro_b, grunt_megastairs_1
Spider:1: layout_spider_delve
Spider:2: layout_cave_pods, ebering_ghost_disaster_area
Spider:3: layout_spider_delve, nicolae_looking_at_the_future,
          nicolae_spider_cling_halls, uniq_azrael, uniq_bai_suzhen
Spider:4: grunt_spider_rune_parallel
Orc:1:    layout_caves
Orc:2:    grunt_orc_community_town_hall, layout_diamond_mine,
          grunt_orc_community_big_house_2, grunt_orc_community_big_house_2,
          grunt_orc_community_house_2, grunt_orc_community_house_3,
          grunt_orc_community_house_3, grunt_orc_community_house_1,
          grunt_orc_community_house_1, grunt_orc_community_house_3, special_room
Elf:1:    eino_elf_arrival_the_gate, layout_onion_city, basic_altar,
          hangedman_elf_disciples
Elf:2:    elven_hall_of_blades_hangedman_alternative
          [nicolae_blade_entry_pointy_end], layout_onion_city, drop_trap,
          not_door_vault_due, grunt_megastairs_4
Elf:3:    minmay_elf_hall_spiked, layout_gridlike, serial_shops, shop_fountains,
          shop, shop, shop, nicolae_shop_hallway_stairs, drop_trap,
          grunt_megastairs_2

Skill      XL: |  1  2  3  4  5  6  7  8  9 10 11 12 13 14 15 16 17 18 19 |
---------------+----------------------------------------------------------+-----
Dodging        | 3 4 5 7 9 10 | 10.2
Unarmed Combat | 4 5 6 7 9 12 14 16 18 20 22 24 26 27 | 27.0
Fighting       | 4 5 6 7 8 9 10 12 | 12.4
Armour         | 1 2 3 4 6 7 8 9 10 11 12 13 15 | 15.8
Throwing       | 2 3 |  3.2
Evocations     | 2 3 |  3.1
Stealth        | |  0.2

Action                     |  1- 3 |  4- 6 |  7- 9 | 10-12 | 13-15 | 16-18 | 19-21 || total
---------------------------+-------+-------+-------+-------+-------+-------+-------++-------
  Melee: Unarmed           |    84 |   140 |   378 |   610 |  1332 |  1184 |   179 ||  3907
         Punch             |       |       |       |    37 |   144 |   170 |    20 ||   371
  Throw: Dart              |       |       |       |    15 |    10 |     8 |       ||    33
         Boomerang         |       |       |       |     2 |       |       |       ||     2
         Throwing net      |       |       |       |       |       |     3 |       ||     3
 Invoke: Potion Petition   |       |       |     1 |       |       |     1 |       ||     2
         Call Merchant     |       |       |       |     1 |     4 |       |     1 ||     6
  Evoke: Wand              |       |       |    11 |     3 |     7 |     7 |     4 ||    32
         Tin of tremorston |       |       |       |       |     2 |     4 |       ||     6
         Phial of floods   |       |       |       |       |       |     2 |     1 ||     3
    Use: Scroll            |       |     5 |    13 |     4 |     8 |     6 |     1 ||    37
         Potion            |       |     3 |     6 |     1 |    11 |    14 |     4 ||    39
   Stab: Distracted        |       |       |     3 |     5 |     9 |     2 |     1 ||    20
         Invisible         |       |       |       |     1 |     3 |       |     1 ||     5
         Paralysed         |       |       |       |       |     4 |       |       ||     4
         Petrified         |       |       |       |       |     6 |       |       ||     6
 Armour: Robe              |     9 |       |       |       |       |       |       ||     9
         Chain mail        |       |    61 |   130 |   172 |   336 |       |       ||   699
         Ring mail         |       |       |    16 |    74 |       |       |       ||    90
         Scale mail        |       |       |       |       |   192 |   404 |    88 ||   684
  Dodge: Dodged            |    50 |    55 |   155 |   280 |   528 |   643 |   190 ||  1901
